 Dungeon Crawl Stone Soup version 0.31.0-11-ge490571c62 (webtiles) character file.

Game seed: 7740474653168357851

11 Flugkiller the Chiller (level 2, -2/13 HPs)
             Began as a Vine Stalker Ice Elementalist on Feb 3, 2024.
             Slain by a gnoll
             ... wielding a +0 flail
              (7 damage)
             ... on level 2 of the Dungeon.
             The game lasted 00:00:43 (170 turns).

Flugkiller the Chiller (VSIE)                        Turns: 170, Time: 00:00:43

Health: -2/13      AC:  2    Str: 10    XL:     2   Next: 25%
Magic:  0/6        EV: 12    Int: 15    God:
Gold:   0          SH:  0    Dex: 14    Spells: 5/6 levels left

rFire   . . .        c - +0 dagger
rCold   . . .        (no shield)
rNeg    . . .        a - +0 robe
rPois   .            (no helmet)
rElec   .            (no cloak)
rCorr   .            (no gloves)
SInv    .            (no boots)
Will    .....        f - amulet of the acrobat
Stlth   ++           (no ring)
HPRegen 1.02/turn    (no ring)
MPRegen 0.10/turn

%: acrobat, guardian spirit
@: no status effects
A: fangs 2, regeneration 1, magic shield, antimagic bite, no potion heal 2
a: no special abilities


You were on level 2 of the Dungeon.
You visited 1 branch of the dungeon, and saw 2 of its levels.

Inventory:

Hand Weapons
 c - a +0 dagger (weapon)
   (You took it off a goblin on level 2 of the Dungeon)
Armour
 a - a +0 robe (worn)
Jewellery
 f - an amulet of the acrobat (around neck)
   (You found it on level 1 of the Dungeon)
 g - a +6 ring of strength
   (You found it on level 2 of the Dungeon)
Scrolls
 e - a scroll of revelation {unknown}
Potions
 b - a potion of magic
 d - a potion of enlightenment {unknown}


   Skills:
 - Level 1.5 Dodging
 - Level 2.4 Stealth
 + Level 2.6 Spellcasting
 + Level 4.2 Ice Magic


You had 5 spell levels left.
You knew the following spells:

 Your Spells              Type           Power      Damage    Failure   Level
a - Freeze                Ice            56%        1d7       3%          1

Your spell library contained the following spells:

 Spells                   Type           Power      Damage    Failure   Level
 Frozen Ramparts          Ice            28%        1d5       11%         3
 Ozocubu's Armour         Ice            14%        N/A       11%         3
 Summon Ice Beast         Ice/Summ       8%         N/A       26%         3


Dungeon Overview and Level Annotations

Branches:
Dungeon (2/15) Zot: 11829

Altars:


Innate Abilities, Weirdness & Mutations

You have extremely sharp teeth.
Your natural rate of healing is unusually fast.
When hurt, damage is shared between your health and your magic reserves.
Your bite disrupts and absorbs the magic of your enemies.
Potions cannot restore your health.


Message History

You kill the jackal!
Casting: Freeze (safe; 3% risk of failure)
Confirm with . or Enter, or press ? or * to list all spells.
Aiming: Freeze (safe; 3% risk of failure)
Press: ? - help, Shift-Dir - straight line, f - jackal
Aim: a jackal You freeze the jackal!
You kill the jackal!
You have reached level 2!
Unknown command.
Unknown command.
An orc comes into view. It is wielding a +0 club.
A quokka comes into view.
Unknown command.
Unknown command.
The orc shouts!
Unknown command.
The orc attacks as it pursues you! The orc hits you with a +0 club.
Unknown command.
The orc throws a stone.
The stone misses you.
The orc throws a stone.
The stone completely misses you. The orc barely misses you.
You hit the orc but do no damage. The orc misses you.
You hit the orc but do no damage. Your bite misses the orc.
The orc hits you with a +0 club.
You hit the orc but do no damage. Your bite misses the orc.
The orc hits you with a +0 club.
Found 5 gold pieces.
The orc throws a stone.
The stone barely misses you. The orc misses you.
You hit the orc but do no damage. The orc hits you with a +0 club.
You barely miss the orc. The orc hits you with a +0 club.
You closely miss the orc. The orc hits you with a +0 club.
You hit the orc.
The orc is lightly wounded.
The orc sings a few bars from the Orcish anthem.
The orc hits you with a +0 club.
The orc throws a stone.
The stone misses you.
The orc throws a stone.
The stone misses you.
The orc throws a stone.
The stone hits you.
The orc throws a stone.
The stone closely misses you.
You hit the orc.
The orc is moderately wounded.
The orc completely misses you.
You hit the orc but do no damage. You bite the orc, but do no damage.
The orc is moderately wounded.
The orc hits you with a +0 club.
You closely miss the orc.
The orc is moderately wounded.
The orc barely misses you.
You hit the orc. You bite the orc.
You kill the orc!
The quokka completely misses you.
You hit the quokka. Your bite misses the quokka.
The quokka is moderately wounded.
The quokka closely misses you.
You hit the quokka.
The quokka is almost dead.
The quokka barely misses you.
Casting: Freeze (safe; 3% risk of failure)
Confirm with . or Enter, or press ? or * to list all spells.
Aiming: Freeze (safe; 3% risk of failure)
Press: ? - help, Shift-Dir - straight line, f - quokka
Aim: a quokka (almost dead)
You freeze the quokka.
You kill the quokka!
Found a small tourmaline ring.
The gnoll attacks as it pursues you! The gnoll completely misses you.
The gnoll attacks as it pursues you! The gnoll completely misses you.
The gnoll completely misses you. The gnoll misses you.
A frilled lizard comes into view.
You see here a +6 ring of strength.
g - a +6 ring of strength The frilled lizard hisses angrily.
The gnoll barely misses you.
The gnoll hits you from afar with a +0 spear.
You miss the frilled lizard. You bite the frilled lizard. You drain its power.
You feel invigorated.
The frilled lizard is heavily wounded.
The gnoll closely misses you. The gnoll hits you but does no damage.
The frilled lizard bites you.
Casting: Freeze (safe; 3% risk of failure)
Confirm with . or Enter, or press ? or * to list all spells.
Aiming: Freeze (safe; 3% risk of failure)
Press: ? - help, Shift-Dir - straight line, f - gnoll
Aim: a gnoll, wielding a +0 flail You freeze the gnoll.
The gnoll is heavily wounded.
The gnoll hits you with a +0 flail!
Ouch! That really hurt!
* * * LOW HITPOINT WARNING * * *
The gnoll closely misses you. The frilled lizard barely misses you.
Casting: Freeze (safe; 3% risk of failure)
Confirm with . or Enter, or press ? or * to list all spells.
You don't have enough magic to cast this spell.
The frilled lizard misses you.
You barely miss the frilled lizard. Your bite misses the frilled lizard.
The frilled lizard is heavily wounded.
The gnoll hits you with a +0 flail!
Ouch! That really hurt!
You die...

####....#####.#..#.##
#.#.######.#..†...
#.#........g..#
#.#..........##
#.#.######.......
#.#g# ###.#### #.#.#
#.# ####l#.##### #.#
#.gg@#g#...# #.#
#.####...#.# #.# #.#
###.!.# #.# ##.## #†#
#.# #.# #.# ##)# #†#
#..# #.# #.## #.#


You could see 2 gnolls and a frilled lizard.

Vanquished Creatures
  An orc (D:2)
  An endoplasm (D:1)
  A goblin (D:2)
  A hobgoblin (D:2)
  2 jackals (D:2)
  A quokka (D:2)
  A bat (D:2)
8 creatures vanquished.

Notes
Turn   | Place    | Note
-------+----------+-------------------------------------------
     0 | D:1      | Flugkiller the Vine Stalker Ice Elementalist began the
                  | quest for the Orb.
     0 | D:1      | Reached XP level 1. HP: 9/9 MP: 4/4
   104 | D:2      | Reached XP level 2. HP: 13/13 MP: 1/6
   170 | D:2      | Slain by a gnoll

Illustrated notes

Levels and vault maps discovered:
D:1:      wander_arrival_fairy_ring, layout_basic,
          hellmonk_ecumenical_altar_blasted
D:2:      layout_loops_ring, st_stairs_4, uniq_natasha

Action                     || total
---------------------------++-------
  Melee: Dagger            ||    17
         Bite              ||     3
   Cast: Freeze            ||     8
 Armour: Robe              ||    18
  Dodge: Dodged            ||    32
